 Dungeon Crawl Stone Soup version 0.28-a0-948-gee6e0bcda6 (webtiles) character file.

Game seed: 17869551800741221995

124 HessuHobo the Ruffian (level 4, 0/42 (44) HPs)
             Began as a Troll Fighter on Nov 30, 2021.
             Slain by a wight (4 damage)
             ... on level 4 of the Dungeon.
             The game lasted 00:02:55 (1797 turns).

HessuHobo the Ruffian (Troll Fighter)               Turns: 1797, Time: 00:02:56

HP:   0/42 (44)     AC:  4    Str: 25    XL:     4   Next: 81%
MP:   3/3           EV: 10    Int:  4    God:
Gold: 208           SH:  0    Dex:  9    Spells: 3/3 levels left

rFire   x . .      SeeInvis .     - Unarmed
rCold   + . .      Faith    .   (no shield)
rNeg    . . .      Spirit   .   a - +0 robe
rPois   .          Reflect  .   (helmet restricted)
rElec   .          Harm     .   (no cloak)
rCorr   .          Rampage  .   (gloves unavailable)
Will    .....                   (boots unavailable)
Stlth   +.........              (no amulet)
HPRegen 0.94/turn               h - ring of ice
MPRegen 0.08/turn               (no ring)

@: lightly drained
A: large, unfitting armour, claws 3, regeneration 1, shaggy fur 1, tough skin 1
a: no special abilities


You were on level 4 of the Dungeon.
You visited 1 branch of the dungeon, and saw 4 of its levels.

You collected 208 gold pieces.

Inventory:

Armour
 a - a +0 robe (worn)
 b - a +0 kite shield
Jewellery
 g - a ring of wizardry
 h - a ring of ice (left claw)
Scrolls
 d - 3 scrolls of identify {unknown}
 j - 2 scrolls of acquirement {unknown}
 k - a scroll of amnesia {unknown}
Potions
 c - 2 potions of might
 e - a potion of ambrosia {unknown}
 f - a potion of mutation {unknown}
 i - a potion of heal wounds {unknown}
 l - 2 potions of invisibility {unknown}


   Skills:
 + Level 2.9 Fighting
 + Level 3.2 Dodging
 - Level 2.4 Shields
 + Level 3.8 Unarmed Combat


You had 3 spell levels left.
You didn't know any spells.
Your spell library was empty.

Dungeon Overview and Level Annotations

Branches:
Dungeon (4/15)
 Temple: D:4-7

Altars:
Gozag
Hepliaklqana
Uskayaw

Annotations:
D:3 2 runed translucent doors, hemabe71's ghost, amateur HuAr


Innate Abilities, Weirdness & Mutations

You are too large for most types of armour.
You have claws for hands.
Your natural rate of healing is unusually fast.
You are covered in fur. (AC +1)
You have tough skin. (AC +1)


Message History

You climb downwards.
Found 9 gold pieces.
There is a stone staircase leading up here.
No target in view!
No target in view!
You now have 208 gold pieces (gained 9).
Found a dagger.
No target in view!
No target in view!
No target in view!
You see here a +0 dagger.
Found a stone staircase leading down.
Found a hazy altar of Hepliaklqana. 3 wights come into view.
Found 14 sling bullets.
There are monsters nearby!
You claw the wight!
The wight is severely damaged.
You scratch the wight.
The wight is almost destroyed.
The wight hits you with a +5 scimitar!
You feel drained.
You closely miss the wight.
The wight is almost destroyed.
The wight closely misses you.
You claw the wight!
You destroy the wight!
The wight hits you but does no damage.
The wight hits you from afar with a +0 halberd.
You feel drained.
Your life force feels restored.
You are too injured to fight recklessly!
You are too injured to fight recklessly!
You are too injured to fight recklessly!
You are too injured to fight recklessly!
Found an escape hatch in the floor.
The wight hits you with a +0 halberd!!
* * * LOW HITPOINT WARNING * * *
You feel drained.
* * * LOW HITPOINT WARNING * * *
The wight hits you with a +0 halberd.
You die...

### # ..# ..
#.# # ..#
#.#>#....
###.#...# ....#
#.._..#
#..####.#@#.#
#.>.....#zz...#
##.###.###..###
#.# #.# ..# #.#
#.# (.. . #.#
#.# .### .#
###.###.# .# .#
##)......# ..
.### .#.#.#####


You could see 2 wights.

Vanquished Creatures
  A wight (D:4)
  2 worms
  A dart slug (D:2)
  2 orcs (D:3)
  7 ball pythons
  2 bat skeletons (D:2)
  5 endoplasms
  6 giant cockroaches
  8 goblins
  5 hobgoblins
  8 jackals
  4 kobolds
  2 quokkas
  3 bats
  5 frilled lizards
  3 rats
64 creatures vanquished.

Notes
Turn   | Place    | Note
-------+----------+-------------------------------------------
     0 | D:1      | HessuHobo the Troll Fighter began the quest for the Orb.
     0 | D:1      | Reached XP level 1. HP: 22/22 MP: 0/0
    88 | D:1      | Reached XP level 2. HP: 29/29 MP: 1/1
   333 | D:1      | Found a faded altar of an unknown god.
   443 | D:1      | Reached XP level 3. HP: 36/36 MP: 2/2
   895 | D:2      | You fall into a shaft and drop 1 floor!
   896 | D:3      | Found a large runed translucent door.
   896 | D:3      | Found a large runed translucent door.
   942 | D:3      | Found an opulent altar of Gozag.
  1100 | D:3      | Noticed hemabe71's ghost (amateur HuAr)
  1289 | D:3      | Reached XP level 4. HP: 44/44 MP: 3/3
  1322 | D:3      | Found a hide-covered altar of Uskayaw.
  1788 | D:4      | Found a hazy altar of Hepliaklqana.
  1797 | D:4      | Slain by a wight

Illustrated notes

Levels and vault maps discovered:
D:1:      wander_arrival_lonely_grave, layout_basic,
          hellmonk_ecumenical_altar_lost_god, st_stairs_1,
          hangedman_decor_clover_reticule
D:2:      layout_basic, serial_undead, serial_undead_c, serial_undead_c,
          serial_undead_a, serial_undead_a, grunt_decor_resistance
D:3:      layout_basic, nicolae_gozag_cash_rules_everything_around_me,
          nicolae_uskayaw_dance_hall, ebering_ghost_disaster_area
D:4:      layout_basic, lemuel_crystal_altar, uniq_natasha, uniq_duvessa

Skill      XL: |  1  2  3 |
---------------+----------+-----
Dodging        | 3 |  3.2
Unarmed Combat | 3 |  3.8
Fighting       | |  2.9
Shields        | |  2.4

Action                   |  1- 3 |  4- 6 || total
-------------------------+-------+-------++-------
Melee: Unarmed           |   134 |    27 ||   161
Armor: Robe              |    53 |     9 ||    62
Dodge: Dodged            |    56 |    13 ||    69

Table legend: (Time is in decaauts)
 A = Elapsed time spent in this place.
 B = Non-inter-level travel time spent in this place.
 C = Inter-level travel time spent in this place.
 D = Time resting spent in this place.
 E = Time spent auto-exploring this place.
 F = Levels seen in this place.
 G = Mean time per level.
                   A        B        C        D        E       F      G
               +--------+--------+--------+--------+--------+-----+--------+
         Total |   1787 |   1713 |     74 |    100 |   1216 |   4 |  446.8 |
       Dungeon |   1787 |   1713 |     74 |    100 |   1216 |   4 |  446.8 |
               +--------+--------+--------+--------+--------+-----+--------+

Top non-repeatable levels by time:
     D:3: 851 daAuts
     D:1: 609 daAuts
     D:2: 280 daAuts
     D:4: 46 daAuts
